[Event "Early-Titled-Tuesday-Blitz-May-14-2024"]
[Site "Chess.com"]
[Date "2024.05.14"]
[Round "2"]
[White "Acva-Alenok"]
[Black "Fh2411"]
[Result "1-0"]
[WhiteElo "2367"]
[BlackElo "2546"]
[TimeControl "180+1"]
[EndTime "8:19:55 PDT"]
[Termination "Acva-Alenok won on time"]

1. d4 d5 2. c4 c6 3. cxd5 cxd5 4.
Bg5 Qb6 5. Nc3 e6 6. Qd2 h6 7. Bh4 Nc6 8. e3 Bd7 9. Rc1 Rc8 10. Bd3 Bd6 11. Nf3 Nge7 12. O-O O-O 13. Na4 Qa5 14.
Nc5 Qxd2 15. Nxd2 Bxc5 16. Rxc5 Rfe8 17. Rfc1 f6 18. a3 Kf7 19. b4 a6 20. Bg3 Na7 21. Nb3 Bb5 22. Bxb5 Nxb5 23. a4 Na3 24. Rc7 Nc4 25.
Rxb7 e5 26. Nc5 a5 27. bxa5 Nxa5 28. Ra7 Nc4 29. a5 Ra8 30. Rxa8 Rxa8 31. a6 Nf5 32. Rb1 g5 33. dxe5 Nxg3 34. Rb7+ Kg6 35. hxg3 fxe5 36. a7 d4 37. exd4 exd4 38. Rd7 d3 39. Rxd3 Rxa7 40. Rc3 Ra1+ 41. Kh2 Nd2 42. Rd3 Nf1+ 43. Kh3 h5 44. f3 Ra2 45. Ne4 Re2 46. Rd6+ Kf5 47. Rd5+ Kg6 48.
Rxg5+ Kh6 49. Ra5 Ne3 50. Ra6+ Kg7 51. Kh4 Re1 52. Kg5 Nxg2 53. Ra7+ Kf8 54. f4 Re3 55. Nf6 h4 56. g4 h3 57. Rh7 Nxf4 58. Kxf4 Re1 59.
Kg5 Rf1 60. Kg6 1-0

[Event "Early-Titled-Tuesday-Blitz-May-14-2024"]
[Site "Chess.com"]
[Date "2024.05.14"]
[Round "2"]
[White "GMSrinath"]
[Black "becemix"]
[Result "1/2-1/2"]
[WhiteElo "2845"]
[BlackElo "2594"]
[TimeControl "180+1"]
[EndTime "8:19:56 PDT"]
[Termination "Game drawn - insufficient material"]

1. Nf3 d5 2. e3 Bg4 3. c4 c6 4.
Qb3 Bc8 5. Nc3 e6 6. d4 Nf6 7. Bd3 Nbd7 8. O-O Be7 9. e4 dxe4 10.
Nxe4 O-O 11. Bf4 Nxe4 12. Bxe4 Nf6 13. Bc2 Qb6 14. Qd3 c5 15. Be5 g6 16. dxc5 Qxc5 17.
Rad1 Nd7 18. Bd4 Qh5 19. Rfe1 b6 20. Qe4 Rb8 21. Qf4 Bb7 22. Ne5 Nxe5 23. Bxe5 Rbd8 24. Qe3 Qg4 25. Bg3 Qxc4 26. Bb3 Qc5 27. Qe2 Rxd1 28.
Rxd1 Rd8 29. Re1 Bf6 30. h4 h5 31. Kh2 Qd4 32. f4 Qxb2 33. Qxb2 Bxb2 34. Re2 Bc3 35.
Rc2 Ba5 36. Rc7 Bd5 37. Rxa7 Bxb3 38. axb3 Rd3 39. f5 gxf5 40. Be5 Rd8 41. Rb7 Rc8 42. g3 Bc3 43. Bc7 Bd4 44. b4 Be3 45. Kh3 Kg7 46.
b5 Kg6 47. Bxb6 Bxb6 48. Rxb6 Rc3 49. Kg2 Rb3 50. Rb8 f4 51. gxf4 Kf5 52. Rh8 Kxf4 53. Rxh5 f5 54. Rh6 Ke5 55. h5 Rxb5 56. Rg6 Rb8 57. Kg3 Ke4 58. Rxe6+ Kd5 59. Rg6 Ke5 60. h6 Rh8 61. Kh4 Kf4 62. Kh5 Ke3 63. Re6+ Kf3 64. Rf6 f4 65. Kg5 Kg3 66. Kg6 f3 67. Kg7 Rxh6 68. Kxh6 f2 69. Kg5 Kg2 70. Rxf2+ Kxf2 1/2-1/2

[Event "Early-Titled-Tuesday-Blitz-May-14-2024"]
[Site "Chess.com"]
[Date "2024.05.14"]
[Round "2"]
[White "FXDon77"]
[Black "GameOverBro"]
[Result "1/2-1/2"]
[WhiteElo "2878"]
[BlackElo "2535"]
[TimeControl "180+1"]
[EndTime "8:19:56 PDT"]
[Termination "Game drawn - insufficient material"]

1. e4 c5 2. Nf3 Nc6 3. Bb5 g6 4.
Bxc6 dxc6 5. d3 Bg7 6. h3 e5 7. Be3 b6 8. a4 a5 9. Nbd2 Qc7 10. Nc4 Be6 11. Nfd2 Nf6 12. b4 axb4 13. a5 bxa5 14. Bxc5 Nd7 15. Bxb4 a4 16. Bd6 Qa7 17. O-O Bf8 18. c3 Bxd6 19. Nxd6+ Ke7 20. N2c4 Nb6 21. Qd2 Nxc4 22. Nxc4 Bxc4 23. dxc4 Rhd8 24. Qh6 Qc5 25. Kh1 a3 26. f4 a2 27. fxe5 Qxc4 28. Qxh7 Rd3 29.
Qh4+ Kd7 30. Qh7 Ke7 31. Qh4+ Kd7 32. Qf6 Rf8 33. Qg7 Ke8 34. Qf6 Qe6 35. Qxe6+ fxe6 36. Rxf8+ Kxf8 37. Rxa2 Rxc3 38. Ra7 Re3 39. Rc7 Rxe4 40.
Rxc6 Rxe5 41. Kh2 g5 42. Kg3 Kf7 43. Kg4 Kf6 44. Rc4 Rd5 45. Re4 Rc5 46. Kh5 Rc2 47. g4 Rc3 48. h4 Rh3 49. Rxe6+ Kxe6 50. Kxg5 Kf7 51. h5 Rh1 52. Kh6 Re1 53. g5 Rg1 54. g6+ Kf6 55. Kh7 Rg5 56. g7 Rxg7+ 57. Kh8 Kf7 58. h6 Rg5 59. h7 Kg6 60. Kg8 Rb5 61.
h8=N+ Kf6 62. Kh7 Rh5+ 63. Kg8 Rh4 64. Nf7 Rg4+ 65. Kf8 Ra4 66. Nd8 Ra8 67. Ke8 Ra7 68. Nc6 Ke6 69. Nxa7 1/2-1/2

[Event "Early-Titled-Tuesday-Blitz-May-14-2024"]
[Site "Chess.com"]
[Date "2024.05.14"]
[Round "2"]
[White "Dacean99"]
[Black "jaramsdal"]
[Result "0-1"]
[WhiteElo "2607"]
[BlackElo "2389"]
[TimeControl "180+1"]
[EndTime "8:19:58 PDT"]
[Termination "jaramsdal won by resignation"]

1. e4 c5 2. c3 Nf6 3. e5 Nd5 4. Nf3 d6 5. exd6 e6 6. g3 Bxd6 7. Bg2 Nc6 8. O-O O-O 9. d4 cxd4 10. Nxd4 Nxd4 11. Qxd4 Qc7 12. Rd1 Be5 13. Qh4 Bd7 14. Nd2 Bc6 15. Nf3 Bf6 16. Bg5 h6 17.
Bxf6 Nxf6 18. Rd4 Rad8 19. Rad1 Rxd4 20. Qxd4 Bd5 21. b3 b5 22. Qe5 Rc8 23. Qxc7 Rxc7 24.
Nd4 Bxg2 25. Kxg2 a6 26. Rc1 Kf8 27. c4 Ke7 28. c5 g6 29. b4 Nd5 30. a3 Rd7 31.
Nc6+ Ke8 32. Kf3 Rc7 33. Ne5 a5 34. bxa5 Ra7 35. Nc6 Ra6 36. Nd4 Rxa5 37. c6 Rxa3+ 38. Ke4 Nc7 39. Ke5 Ke7 40. Rd1 f6+ 41. Ke4 Ra4 42. Kf3 Rc4 43. Ke2 e5 44. Nf5+ gxf5 45. Rd7+ Ke6 46. Rxc7 b4 47. Rb7 Rxc6 48. Rxb4 Rc2+ 49.
Kf3 e4+ 50. Ke3 Rc3+ 51. Ke2 Kf7 52. h4 Kg6 53. Rb6 Ra3 54. Rb8 Rf3 55. Rg8+ Kf7 56.
Ra8 f4 57. Ra4 fxg3 58. fxg3 f5 59. g4 fxg4 60. Rxe4 h5 61. Re5 Kg6 62. Re6+ Rf6 63.
Re5 Ra6 64. Ke3 Ra3+ 65. Kf4 Rf3+ 66. Ke4 Rh3 67. Re6+ Kf7 68. Rh6 Rxh4 69. Kf4 Rh1 70. Kg5 g3 71. Rf6+ Ke7 72. Rg6 g2 73. Rg7+ Ke6 74.
Rg6+ Ke5 75. Kh6 g1=Q 76. Ra6 Qc1+ 77. Kh7 Qc7+ 78. Kh6 Rc1 79. Rg6 Rc6 80. Kxh5 Rxg6 81. Kxg6 Qd6+ 82. Kh5 Qf8 83. Kg6 Qg8+ 0-1

[Event "Early-Titled-Tuesday-Blitz-May-14-2024"]
[Site "Chess.com"]
[Date "2024.05.14"]
[Round "2"]
[White "CaspiIsrael"]
[Black "PeshkaCh"]
[Result "1/2-1/2"]
[WhiteElo "2609"]
[BlackElo "2885"]
[TimeControl "180+1"]
[EndTime "8:19:59 PDT"]
[Termination "Game drawn - insufficient material"]

1. e3 Nf6 2. d4 g6 3. Nf3 Bg7 4. b4 a5 5. b5 O-O 6. c4 c6 7. a4 d5 8. Bb2 Bg4 9. Nbd2 Ne4 10. Be2 Nxd2 11. Nxd2 Bxe2 12. Qxe2 Nd7 13. cxd5 cxd5 14.
O-O Nb6 15. Rfc1 Rc8 16. Rxc8 Qxc8 17. Rc1 Qf5 18. Qd1 Rc8 19. Bc3 Qd3 20. Bxa5 Rxc1 21. Qxc1 Nxa4 22. Qc8+ Bf8 23. Qxb7 Qe2 24. Nf1 Nb2 25.
Qxd5 Nd1 26. Qf3 Qxb5 27. Qxd1 Qxa5 28. g3 e6 29. h4 Bb4 30. Qf3 h5 31. Kg2 Kg7 32.
Qe4 Bc3 33. Nh2 Bb4 34. Nf3 Bd6 35. Ng5 Be7 36. Nh3 Bf6 37. Nf4 Qb5 38. Kf3 Qf1 39. Qd3 Qh1+ 40. Ke2 Qa1 41. Qc2 Qa6+ 42. Kf3 e5 43.
dxe5 Bxe5 44. Nd3 Bf6 45. Ke2 Qb5 46. Qd2 Qc4 47. f3 Qb3 48. e4 Bc3 49. Qe3 Qa2+ 50.
Kf1 Qb1+ 51. Kg2 Qc2+ 52. Nf2 Qb2 53. f4 Bd4 54. Qe1 Qc2 55. e5 Qc6+ 56. Kf1 Qf3 57.
Qd2 Be3 58. Qb2 Kg8 59. Qa2 Kg7 60. Qb2 Kg8 61. Qa2 Qxg3 62. e6 fxe6 63. Qxe6+ Kf8 64.
Qf6+ Ke8 65. Qe6+ Kd8 66. Qd6+ Kc8 67. Qc6+ Kb8 68. Qd6+ Kb7 69. Qd5+ Kb6 70. Qe6+ Kb5 71. Qd5+ Bc5 72. Qxc5+ Kxc5 73. Ne4+ Kd4 74. Nxg3 Ke3 75.
Nxh5 Kf3 76. Kg1 Kg4 77. Nf6+ Kxf4 78. Kh2 Kf5 79. Nd5 Kg4 80. Ne7 Kxh4 81. Nxg6+ 1/2-1/2

[Event "Early-Titled-Tuesday-Blitz-May-14-2024"]
[Site "Chess.com"]
[Date "2024.05.14"]
[Round "2"]
[White "xakevicius91"]
[Black "ChessboArt"]
[Result "0-1"]
[WhiteElo "2495"]
[BlackElo "2262"]
[TimeControl "180+1"]
[EndTime "8:20:01 PDT"]
[Termination "ChessboArt won by checkmate"]

1. e4 c6 2. d4 d5 3. e5 g6 4. Bd3 Bg7 5. Nd2 Nh6 6. Ne2 f6 7. exf6 exf6 8. O-O O-O 9. h3 Re8 10. Nf3 Nd7 11. c4 Nb6 12. b3 Be6 13. Qc2 Qd7 14. a4 a5 15. Nf4 Bf5 16. Bd2 Bxd3 17. Nxd3 Nf5 18. g4 Nxd4 19. Nxd4 dxc4 20. Nc5 Qxd4 21.
Be3 Rxe3 22. fxe3 Qxc5 23. Rfe1 Re8 24. Kf2 f5 25. Rad1 f4 26. Re2 fxe3+ 27. Kg1 Qe5 28. bxc4 Qg3+ 29. Rg2 Qxh3 30. Qe2 c5 31. Rd6 Nc8 32. Rd7 Bd4 33. Rh2 Qg3+ 34. Rg2 Qf4 35. Rxb7 Rf8 36. Rb1 Nd6 37. Rf1 Qxf1+ 38. Qxf1 Rxf1+ 39.
Kxf1 Nxc4 40. Ke2 Ne5 41. Rg1 Kf7 42. Rb1 Nxg4 43. Rb5 Bc3 44. Rxc5 Bd2 45. Rc4 Nf6 46. Rc5 h5 47. Rc8 Ke6 48. Rc7 Kf5 49. Rc6 h4 50. Rc5+ Kf4 51. Rc4+ Ne4 52. Kd3 g5 53. Rxe4+ Kf3 54. Re8 h3 55. Rf8+ Kg2 56. Rg8 h2 57.
Rxg5+ Kf2 58. Rh5 Kg1 59. Rg5+ Kf1 60. Rf5+ Kg1 61. Rg5+ Kf1 62. Rf5+ Kg2 63. Rg5+ Kh3 64. Rh5+ Kg3 65. Ke2 Bc1 66. Rh8 Bd2 67. Rg8+ Kh3 68. Rh8+ Kg3 69. Rh7 Kg2 70. Rg7+ Kh3 71. Rh7+ Kg3 72.
Rg7+ Kh3 73. Rh7+ Kg3 74. Kf1 Bc1 75. Rh8 Bb2 76. Rh6 Be5 77. Rh5 Bf4 78. Rh7 Kf3 79.
Rh3+ Bg3 80. Rh7 e2# 0-1

[Event "Early-Titled-Tuesday-Blitz-May-14-2024"]
[Site "Chess.com"]
[Date "2024.05.14"]
[Round "2"]
[White "CSB7"]
[Black "wild3000"]
[Result "1-0"]
[WhiteElo "2773"]
[BlackElo "2501"]
[TimeControl "180+1"]
[EndTime "8:20:07 PDT"]
[Termination "CSB7 won by checkmate"]

1. d4 d5 2. c4 e6 3. Nf3 Nf6 4. g3 Bb4+ 5. Nbd2 O-O 6. Bg2 dxc4 7. Qc2 Bd7 8. Qxc4 Bxd2+ 9. Bxd2 Bc6 10. O-O Nbd7 11.
Rac1 Nb6 12. Qb4 Qd6 13. Rfd1 Qxb4 14. Bxb4 Rfd8 15. Ba5 Rac8 16. Ne5 Bxg2 17. Kxg2 Rd5 18. Bb4 h5 19. f3 a5 20. Ba3 c6 21. e4 Rdd8 22. Kf2 Nfd7 23. Nd3 f6 24. Be7 Re8 25. Bd6 Kf7 26. Rc3 Rh8 27. Rb3 a4 28. Rb4 Ra8 29.
Nc5 Ra7 30. Rd3 h4 31. g4 h3 32. Bc7 Na8 33. Bg3 b6 34. Nxa4 c5 35. dxc5 Nxc5 36. Nxc5 bxc5 37. Rb5 Rxa2 38. Rd7+ Kg6 39. Rbb7 Rg8 40.
Bd6 c4 41. Kg3 c3 42. bxc3 Rg2+ 43. Kxh3 Rg1 44. Bg3 Rh8+ 45. Bh4 Rh7 46. e5 fxe5 47. Re7 Kh6 48. Rxe6+ g6 49. Rxh7+ Kxh7 50. Rxe5 Nb6 51. Bf2 Rf1 52. Bxb6 Rxf3+ 53. Kg2 Rxc3 54. Be3 Kg7 55. Kf3 Rc2 56. h4 Kf6 57. Re4 Rc6 58. Bg5+ Kf7 59. Re7+ Kf8 60. Re5 Rc3+ 61. Kf4 Rc4+ 62. Re4 Rc5 63.
Bf6 Kf7 64. Bd4 Rb5 65. Re5 Rb4 66. Ke4 Rb3 67. h5 gxh5 68. Rxh5 Kg6 69. Rf5 Rg3 70.
Kf4 Rg2 71. Rd5 Rc2 72. Rd6+ Kf7 73. g5 Ke7 74. Rf6 Rc4 75. Ke5 Ra4 76. Kd5 Ra5+ 77. Bc5+ Kd7 78. g6 Ra2 79. Rf7+ Ke8 80. Rf8+ Kd7 81. g7 Rd2+ 82. Bd4 Ke7 83. g8=Q Rg2 84. Qf7# 1-0

[Event "Early-Titled-Tuesday-Blitz-May-14-2024"]
[Site "Chess.com"]
[Date "2024.05.14"]
[Round "2"]
[White "ClauAmura"]
[Black "Slovineanu"]
[Result "1/2-1/2"]
[WhiteElo "2312"]
[BlackElo "2485"]
[TimeControl "180+1"]
[EndTime "8:20:10 PDT"]
[Termination "Game drawn by repetition"]

1. d4 Nf6 2. Bg5 e6 3. e4 h6 4. Bxf6 Qxf6 5. Nc3 g6 6. Qd2 Bg7 7. O-O-O O-O 8. f4 d6 9. Nf3 a6 10. g4 b5 11. g5 Qe7 12. gxh6 Bxh6 13. h4 Bb7 14.
Bd3 c5 15. h5 cxd4 16. Ne2 Bg7 17. hxg6 f5 18. Ng5 Nd7 19. Rh7 Nf6 20. Rxg7+ Kxg7 21. exf5 exf5 22. Ng3 Be4 23. Nxf5+ Bxf5 24. Bxf5 Qe3 25.
Ne6+ Kg8 26. Nxf8 Rxf8 27. Re1 Qxd2+ 28. Kxd2 Nh5 29. Be6+ Kg7 30. f5 Ng3 31. Kd3 Nxf5 32. Rf1 Kxg6 33. Rg1+ Kh6 34. Rf1 Kg5 35. Rg1+ Kf4 36.
Rf1+ Ke5 37. Bxf5 Rxf5 38. Re1+ Kd5 39. Re7 Rf3+ 40. Kd2 Rh3 41. Ra7 Ke4 42. Rxa6 Rh2+ 43. Kc1 d5 44. Re6+ Kf5 45. Re1 b4 46. a4 bxa3 47.
bxa3 Rh3 48. Kb2 d3 49. cxd3 Rxd3 50. Re8 d4 51. a4 Re3 52. Rd8 Ke4 53. a5 Kd3 54. a6 Re7 55. Rh8 Re6 56. Rh3+ Kc4 57. Ra3 Rb6+ 58. Kc2 Rb8 59. a7 Ra8 60. Ra4+ Kb5 61.
Rxd4 Rxa7 62. Rd5+ Kc4 63. Rh5 Ra2+ 64. Kb1 Rg2 65.
Rh4+ Kb3 66. Rh3+ Kb4 67. Rf3 Re2 68. Rh3 Rf2 69. Rg3 Re2 70. Rh3 Rf2 71. Rg3 Re2 72.
Rh3 1/2-1/2

[Event "Early-Titled-Tuesday-Blitz-May-14-2024"]
[Site "Chess.com"]
[Date "2024.05.14"]
[Round "2"]
[White "cukus"]
[Black "GelmanAlexander"]
[Result "0-1"]
[WhiteElo "2378"]
[BlackElo "2650"]
[TimeControl "180+1"]
[EndTime "8:20:17 PDT"]
[Termination "GelmanAlexander won by resignation"]

1. e4 c5 2. Nf3 e6 3. b3 a6 4.
c4 d6 5. Bb2 Nf6 6. Nc3 b6 7. d4 cxd4 8. Nxd4 Bb7 9. Qe2 Nbd7 10. g3 h5 11. h4 Be7 12. Bg2 Ne5 13. O-O Qc7 14. Rfd1 O-O 15. Rac1 Rac8 16. Ba3 Rfd8 17. Nf3 Neg4 18. Ng5 Bf8 19. Rc2 Qb8 20. Rcd2 Ba8 21. Rd3 b5 22. cxb5 axb5 23. Bb4 Qb6 24. R3d2 Rb8 25. Nh3 Bc6 26. Nf4 Be8 27. Nxh5 Nxh5 28. Qxg4 Nf6 29. Qe2 Rbc8 30. Qf3 Bc6 31. Qd3 d5 32.
Bxf8 Kxf8 33. exd5 exd5 34. Qf5 Bd7 35. Qf3 Be6 36.
Ne2 Bg4 37. Qd3 Re8 38. Bf3 Ne4 39. Qd4 Qxd4 40. Nxd4 Bxf3 41. Nxf3 Nxd2 42. Rxd2 Ra8 43. Nd4 b4 44. Nc6 Re1+ 45. Kg2 Re4 46. f3 Re6 47. Nxb4 d4 48. Nd5 Rea6 49. Rxd4 Rxa2+ 50. Kh3 Rf2 51.
Kg4 g6 52. Nf6 Kg7 53. Nd7 Ra5 54. b4 Rb5 55. Nc5 Rb2 56. Nd3 Rb3 57. Kf4 Rb6 58. Ke4 Re6+ 59. Kf4 Rb1 60. Kg4 Rg1 61. Kf4 f6 62.
Kg4 f5+ 63. Kf4 Rb1 64. Rd7+ Kf6 65. Rd4 Rbe1 66. g4 R1e3 67. g5+ Kf7 68. Rd7+ Re7 69. Rd4 Re2 70. Rd5 Rh2 71. Ne5+ Kg7 72. Rd7 Rxh4+ 73. Ke3 Rxd7 74. Nxd7 Rxb4 75. f4 Re4+ 76. Kf3 Kf7 77. Ne5+ Rxe5 78. fxe5 Ke6 79. Kf4 Kd5 80. Kf3 Kxe5 81.
Ke3 f4+ 82. Kf3 Kf5 83. Kf2 Kxg5 84. Kf3 Kf5 85. Kg2 g5 86. Kf2 g4 87. Kg2 Ke4 88. Kf1 g3 89. Kg1 f3 90. Kf1 Ke3 91. Kg1 g2 92.
Kh2 Kf2 93. Kh3 g1=Q 0-1

[Event "Early-Titled-Tuesday-Blitz-May-14-2024"]
[Site "Chess.com"]
[Date "2024.05.14"]
[Round "2"]
[White "suyu28"]
[Black "Root_21"]
[Result "0-1"]
[WhiteElo "2840"]
[BlackElo "2605"]
[TimeControl "180+1"]
[EndTime "8:20:18 PDT"]
[Termination "Root_21 won by resignation"]

1. e4 c5 2. Nf3 d6 3. d4 cxd4 4.
Nxd4 Nf6 5. Nc3 a6 6. h3 e5 7.
Nde2 h5 8. Ng1 Be6 9. Nf3 Nbd7 10. Be2 Be7 11. O-O Rc8 12. a4 Rxc3 13. bxc3 Nxe4 14. Bb2 Qc7 15. Bd3 Nxc3 16. Qd2 Nd5 17. Rfe1 Nf4 18. Bf1 O-O 19. g3 Qc6 20. Ra3 Ng6 21. Bg2 d5 22. Raa1 Qc7 23. Rac1 h4 24. gxh4 Nf4 25. Nxe5 Nxh3+ 26. Kh2 Bd6 27. f4 Nxf4 28. Qxf4 f6 29.
Qg3 Nxe5 30. Kh1 Bf7 31. Qf2 Nc4 32. Bd4 Bg3 33. Qf3 Bxe1 34. Rxe1 Ne5 35. Qg3 Re8 36.
Rg1 g6 37. Bh3 Qb8 38. c3 Nc6 39. Qf2 Nxd4 40. cxd4 Qd6 41. Bf5 Kh7 42. h5 gxf5 43.
Qxf5+ Kh8 44. h6 Rg8 45. Rf1 Rg6 46. Qc8+ Kh7 47. Qf5 Qe6 48. Qf4 Rxh6+ 49. Kg1 Qh3 50. Qf5+ Qxf5 51. Rxf5 Be6 52. Rf4 Kg7 53. Kf2 Kf7 54.
Rf3 Rg6 55. Rb3 Bc8 56. Rc3 Rg8 57. Rc7+ Ke6 58. a5 Kd6 59. Rf7 Re8 60. Rxf6+ Be6 61.
Rh6 Rc8 62. Rh7 Rc7 63. Rh8 Rc4 64. Rb8 Kc7 65. Re8 Bd7 66. Re5 Bc6 67. Ke3 Ra4 68. Re7+ Kd6 69. Rh7 Rxa5 70. Kf4 Ra4 71. Rh6+ Kc7 72.
Ke5 Rc4 73. Rh7+ Kb6 74. Rg7 a5 75. Rg2 a4 76. Rb2+ Ka5 77. Rb1 Rb4 78. Ra1 Rb3 79. Kd6 a3 80. Kc5 Ka4 81. Rg1 Rb5+ 82. Kd6 a2 83.
Kc7 Rb1 84. Rg8 a1=Q 85. Rb8 Qc3 86. Kd6 Qxd4 87. Kc7 Qf4+ 88. Kc8 Qxb8+ 89. Kxb8 d4 0-1

[Event "Early-Titled-Tuesday-Blitz-May-14-2024"]
[Site "Chess.com"]
[Date "2024.05.14"]
[Round "2"]
[White "ural58"]
[Black "Mihajlovskij"]
[Result "0-1"]
[WhiteElo "2485"]
[BlackElo "2231"]
[TimeControl "180+1"]
[EndTime "8:20:18 PDT"]
[Termination "Mihajlovskij won on time"]

1. e4 c6 2. Nc3 d5 3. Nf3 dxe4 4.
Nxe4 Nf6 5. Qe2 Nxe4 6. Qxe4 Qd5 7. Qf4 Qf5 8. Qe3 Qxc2 9. Bd3 Qa4 10. O-O Na6 11. b3 Qa5 12. Bb2 Qb6 13. Bd4 c5 14. Bc3 e6 15. Rac1 Bd7 16. Ne5 Nb4 17.
Nxd7 Kxd7 18. Be4 Nc6 19. Qf3 Ke8 20. Rfe1 Rd8 21. Qg3 Rd7 22. h4 Qd8 23. h5 Nd4 24. h6 gxh6 25. Bxd4 cxd4 26. Qe5 Rg8 27. Rc4 Bd6 28.
Qb5 a6 29. Qh5 Qg5 30. Qxg5 Rxg5 31. Bxh7 b5 32. Rc6 a5 33. Be4 Bb4 34. Re2 Kd8 35.
d3 Re5 36. Rec2 f5 37. Bf3 Bd6 38. g3 Re1+ 39. Kg2 a4 40. Rb6 axb3 41. axb3 b4 42. Bc6 Rc7 43. Rc4 e5 44. Bd5 Rxc4 45. Bxc4 Kc7 46.
Ra6 f4 47. gxf4 exf4 48. Kf3 Rh1 49. Ra7+ Kb6 50. Rh7 Kc6 51. Ke4 Re1+ 52. Kf3 Rh1 53. Ke4 Rh5 54. Kf3 Rh3+ 55. Ke4 Rh5 56. Rh8 Re5+ 57.
Kf3 Rh5 58. Ke4 Kd7 59. Rh7+ Ke8 60. Kf3 Kf8 61. Ke4 Be5 62. Kf3 Rg5 63. Rf7+ Ke8 64.
Ke4 Bg7 65. Ra7 Be5 66. Kf3 Bd6 67. Rh7 Kd8 68. Ke4 Be7 69. Rxh6 Rg2 70. Kxd4 Rxf2 71. Rh8+ Kc7 72. Ke4 Bd6 73. d4 Kb6 74. Rh7 Rd2 75. Kd5 Bc7 76. Rh6+ Kb7 77. Bb5 Bb6 0-1

[Event "Early-Titled-Tuesday-Blitz-May-14-2024"]
[Site "Chess.com"]
[Date "2024.05.14"]
[Round "2"]
[White "MITerryble"]
[Black "Galileo22"]
[Result "1/2-1/2"]
[WhiteElo "3045"]
[BlackElo "2667"]
[TimeControl "180+1"]
[EndTime "8:20:19 PDT"]
[Termination "Game drawn - insufficient material"]

1. d4 d5 2. Bg5 h6 3. Bh4 c6 4. e3 Qb6 5. b3 e5 6. Nf3 e4 7.
Nfd2 Be6 8. c4 Nd7 9. Nc3 a6 10.
Qc2 f5 11. f3 g5 12. Bg3 Ngf6 13. fxe4 fxe4 14. Be2 Bg7 15. c5 Qd8 16. Bd6 Bf8 17. Bg3 Be7 18. b4 O-O 19. O-O Ng4 20. Rxf8+ Qxf8 21. Rf1 Qg7 22. Nd1 Rf8 23. Rxf8+ Qxf8 24. Nb3 Ndf6 25. Na5 Bc8 26. h3 Nh5 27. Be1 Ngf6 28.
g4 Ng7 29. Bg3 h5 30. Nf2 h4 31. Be5 Nd7 32. Bh2 Bd8 33. Nb3 Ne6 34. a4 Bc7 35. Bxc7 Nxc7 36. Qd2 Qe7 37. Nd1 Ne6 38. Nc3 Qd8 39. Qe1 Qc7 40. Qf2 Ng7 41. b5 axb5 42.
axb5 Nf8 43. b6 Qb8 44. Bf1 Nh7 45. Na5 Ne8 46. Qa2 Qg3+ 47. Kh1 Qxe3 48. Ne2 Nhf6 49. Nxc6 bxc6 50. Qa8 Qf3+ 51. Kg1 Qe3+ 52. Kh1 Qf2 53. Qxc8 Qxf1+ 54. Ng1 e3 55. b7 e2 56. Qe6+ Kg7 57. Qxe2 Qxe2 58. Nxe2 Nd7 59. Ng1 Nc7 60. Nf3 Kf6 61.
Ne5 Nb8 62. Kg2 Ne6 63. Nf3 Nd8 64. Kf2 Nxb7 65. Ke3 Nd7 66. Kd3 Nd8 67. Kc3 Ne6 68. Kb4 Nf4 69. Ng1 Nb8 70. Ka5 Ke7 71. Kb6 Ne6 72.
Kb7 Nd7 73. Kxc6 Nxd4+ 74. Kxd5 Ne6 75. c6 Nb6+ 76. Ke5 Nc4+ 77. Kf5 Ne3+ 78. Ke4 Nc4 79. Nf3 Kd6 80. Kf5 Ne3+ 81. Kg6 Nd5 82. Nxg5 Ndf4+ 83. Kh6 Nxg5 84. Kxg5 Nxh3+ 85. Kxh4 Nf4 86. Kg5 Ne6+ 87. Kf6 Nf4 88. Kf5 Nd5 89. g5 Kxc6 90. Ke6 Nf4+ 91. Ke5 Ng6+ 92. Kf5 Nh4+ 93. Ke6 Ng6 94. Kf6 Nh4 95.
g6 Nxg6 1/2-1/2

[Event "Early-Titled-Tuesday-Blitz-May-14-2024"]
[Site "Chess.com"]
[Date "2024.05.14"]
[Round "2"]
[White "AccioChess"]
[Black "Legendinunknown"]
[Result "0-1"]
[WhiteElo "2419"]
[BlackElo "2826"]
[TimeControl "180+1"]
[EndTime "8:20:22 PDT"]
[Termination "Legendinunknown won by resignation"]

1. c4 e6 2. Nf3 d5 3. cxd5 exd5 4. d4 c6 5. Nc3 Bd6 6. Bg5 Ne7 7. e3 Bf5 8. Bd3 Bxd3 9. Qxd3 Nd7 10. O-O O-O 11. Rab1 h6 12. Bh4 Qc7 13. b4 a6 14. a4 Ng6 15. Bg3 b5 16. Rfc1 Bxg3 17. hxg3 Qd6 18. e4 dxe4 19. Nxe4 Qd5 20. Nc3 Qd6 21. Ne4 Qd5 22.
Nc5 Rfd8 23. Nxd7 Rxd7 24. Rc5 Qd6 25. Rbc1 bxa4 26. Qa3 Rc7 27. Qxa4 Ne7 28. Qa5 Rb7 29. Qa3 Rb5 30. g4 Qf4 31. Re1 Rxc5 32. bxc5 Nd5 33. Qa4 Qc7 34. Ne5 Ne7 35. Rb1 a5 36.
Rb6 Qc8 37. Nxc6 Nxc6 38. Rxc6 Qxg4 39. Rd6 Rb8 40. Rb6 Rd8 41. Qxa5 Rxd4 42. Rb1 Qg6 43.
Qb6 Qc2 44. Re1 Rc4 45. Qb8+ Kh7 46. Qf8 Qf5 47. g3 Rc2 48. Rf1 Rxc5 49. Qa8 Rc4 50. Kg2 h5 51. Qf3 Qg6 52. Rh1 Rg4 53. Qd5 Rg5 54.
Qf3 f6 55. Qf4 Rf5 56. Qe3 Qg4 57. Rh4 Qg6 58. Qe2 Ra5 59. Kg1 Kh6 60. Qe3+ Kh7 61.
Qe2 Qf5 62. Kg2 Qd5+ 63. Qf3 Qxf3+ 64. Kxf3 Kh6 65. Kg2 g5 66. Rb4 Kg6 67. Rb6 Ra2 68. Rb4 Ra6 69. Rb5 Re6 70. Rc5 Re5 71. Rc6 Kf5 72.
Rc4 Re4 73. Rc6 Re6 74. Rc5+ Re5 75. Rc6 Rd5 76. Rb6 Ke5 77. Ra6 Rd2 78. Ra5+ Ke4 79.
Ra4+ Kd3 80. Ra6 f5 81. Rh6 Ke2 82. Rxh5 Ke1 83. Rh1+ Ke2 84. Rh6 Ke1 85. Re6+ Re2 86. Rxe2+ Kxe2 87. Kg1 Ke1 88. Kg2 Kd2 89. f4 g4 90. Kf2 Kd3 91. Kg1 Ke3 92. Kg2 Ke2 93.
Kg1 Kf3 94. Kh2 Kf2 95. Kh1 Kxg3 96. Kg1 Kxf4 97. Kf1 Kf3 98. Kg1 Ke2 0-1

[Event "Early-Titled-Tuesday-Blitz-May-14-2024"]
[Site "Chess.com"]
[Date "2024.05.14"]
[Round "2"]
[White "ahkashefi2800"]
[Black "crescentmoon2411"]
[Result "1/2-1/2"]
[WhiteElo "2593"]
[BlackElo "2838"]
[TimeControl "180+1"]
[EndTime "8:20:42 PDT"]
[Termination "Game drawn by repetition"]

1. d4 d5 2. c4 e6 3. Nc3 a6 4. cxd5 exd5 5. Qc2 c6 6. Bf4 Bd6 7. Bxd6 Qxd6 8. e3 Ne7 9. Bd3 g6 10. Nf3 Bf5 11. O-O Nd7 12. b4 O-O 13. a4 b5 14.
Rfb1 Nb6 15. Ne5 Nc4 16. Bxf5 Nxf5 17. Nd3 h5 18. Nc5 h4 19. h3 Qe7 20. Re1 Kg7 21. Re2 Rfe8 22. Rae1 Qg5 23. Qd3 Nfd6 24. e4 dxe4 25.
N5xe4 Nxe4 26. Rxe4 Rxe4 27. Qxe4 Qd2 28. axb5 axb5 29. Nb1 Qxb4 30. Rf1 Qd6 31. Qxh4 Rd8 32. Rd1 Qf6 33. Qxf6+ Kxf6 34. Nc3 Kg7 35. Ne4 b4 36. Nc5 Na3 37. Nb3 Nb5 38. Rd2 Nc3 39. f3 Ra8 40.
Kf2 Ra3 41. Nc5 Nb5 42. Rb2 Nxd4 43. Rxb4 Ra2+ 44. Kf1 Nf5 45. Rb3 Ng3+ 46. Kg1 Nf5 47. Kf1 Nh4 48. g4 Rh2 49. f4 Rh1+ 50. Kf2 f6 51. Kg3 g5 52. fxg5 fxg5 53. Rc3 Rg1+ 54. Kf2 Rg2+ 55. Kf1 Ra2 56. Ne6+ Kf6 57. Rxc6 Ra1+ 58.
Kf2 Ra2+ 59. Kf1 Ra1+ 60. Ke2 Ra3 61. Nd4+ Ke5 62. Nc2 Rxh3 63. Rc5+ Kf6 64. Nd4 Rh2+ 65. Ke3 Rh1 66. Ke4 Re1+ 67. Kd3 Rd1+ 68. Ke4 Re1+ 69. Kd3 Re8 70. Rc6+ Ke5 71. Ne2 Rd8+ 72. Ke3 Re8 73. Rc3 Kd5+ 74. Kf2 Rf8+ 75. Kg1 Ke4 76. Ng3+ Kf4 77.
Nh5+ Kxg4 78. Ng7 Rf4 79. Rb3 Re4 80. Kf2 Rf4+ 81. Kg1 Nf3+ 82. Kg2 Nh4+ 83. Kg1 1/2-1/2

[Event "Early-Titled-Tuesday-Blitz-May-14-2024"]
[Site "Chess.com"]
[Date "2024.05.14"]
[Round "2"]
[White "Aygehovit1992"]
[Black "Baronessa08"]
[Result "1-0"]
[WhiteElo "2860"]
[BlackElo "2593"]
[TimeControl "180+1"]
[EndTime "8:20:47 PDT"]
[Termination "Aygehovit1992 won by resignation"]

1. e4 e5 2. Nf3 Nc6 3. Bb5 Nf6 4. O-O Nxe4 5. d4 Nd6 6. Bxc6 dxc6 7. dxe5 Nf5 8.
Qxd8+ Kxd8 9. h3 Ke8 10. Nc3 h6 11. Re1 Ne7 12. Ne2 c5 13. Nf4 Bf5 14. c4 Be6 15. b3 Nf5 16. Bb2 a5 17. a4 Be7 18. Nd5 Rc8 19. g4 Nh4 20. Nxh4 Bxh4 21. Re4 c6 22. Ne3 Rd8 23. Bc3 Rd3 24. Bxa5 Rxb3 25. Nf5 Bxf5 26.
gxf5 Bg5 27. h4 Bd8 28. Bxd8 Kxd8 29. a5 Ke7 30. a6 Ra8 31. a7 b5 32. cxb5 cxb5 33.
e6 Rb4 34. Re5 Ra4 35. Rd1 R8xa7 36. Rxc5 fxe6 37. Re5 Ra1 38. Rxe6+ Kf7 39. Rxa1 Rxa1+ 40. Kg2 Rb1 41. Kg3 b4 42. Rb6 b3 43. Kf4 Rh1 44.
Rb7+ Kf6 45. Rb6+ Kf7 46. Kg3 Rb1 47. f3 Ke7 48. h5 Kf7 49. Kf4 Rh1 50. Rb7+ Kf6 51.
Rb6+ Kf7 52. Rxb3 Rh4+ 53. Ke5 Rxh5 54. Rb7+ Kg8 55. Ke6 Rh1 56. f6 Re1+ 57. Kf5 gxf6 58. Kg6 Kf8 59. Kxf6 Ke8 60. Rb8+ Kd7 61. f4 h5 62. f5 h4 63. Rh8 Re4 64. Rh7+ Ke8 65. Rh8+ Kd7 66. Kf7 Rf4 67. f6 Kd6 68. Rh6 Ke5 69.
Ke7 h3 70. f7 Rf3 71. Rh5+ Ke4 72. Rh4+ Ke3 73. Rxh3 Rxh3 74. f8=Q Rf3 75. Qh6+ Ke4 76. Ke6 Rf4 77. Qh1+ Rf3 78. Qe1+ Kf4 79. Kd5 Kg4 80. Ke4 Rf4+ 81. Ke3 Rf3+ 82. Ke4 Rf4+ 83. Ke5 Rf5+ 84. Ke6 Rf4 85. Qe2+ Rf3 86. Ke5 Kg3 87. Ke4 Rf4+ 88.
Ke3 Rf5 89. Qe1+ Kg4 90. Qg1+ Kh5 91. Ke4 Rg5 92. Qh1+ Kg6 93. Qh4 Rg2 94. Qh3 Rg5 95. Kf4 Rc5 96. Qd3+ Kf7 97. Qd7+ Kg8 98. Qe8+ 1-0